 Dungeon Crawl Stone Soup version 0.19.1 (webtiles) character file.

350 RaHiT the Skirmisher (level 6, 0/51 HPs)
             Began as a Mummy Artificer on Nov 27, 2016.
             Slain by a gnoll (1 damage)
             ... on level 2 of the Dungeon.
             The game lasted 00:13:12 (3607 turns).

RaHiT the Skirmisher (Mummy Artificer)              Turns: 3607, Time: 00:13:13

Health: 0/51       AC:  7    Str: 18    XL:     6   Next: 34%
Magic:  7/7        EV: 11    Int: 10    God:
Gold:   132        SH:  0    Dex: 12    Spells: 0 memorised, 5 levels left

rFire  x . .     SeeInvis .     f - +0 hand axe (curse)
rCold  + . .     Gourm    .     i - +0 ring mail
rNeg   + + +     Faith    .     (no shield)
rPois  ∞         Spirit   .     l - +0 helmet
rElec  .         Reflect  .     (no cloak)
rCorr  .         Harm     .     h - +0 pair of gloves
MR     .....                    (no boots)
Stlth  +.........               (no amulet)
                                (no ring)
                                (no ring)

@: no status effects
A: no food or potions, fire vulnerability, cold resistance 1, negative energy
resistance 3, torment resistance, unbreathing
a: no special abilities


You were on level 2 of the Dungeon.
You were not hungry.

You visited 1 branch of the dungeon, and saw 3 of its levels.

You collected 132 gold pieces.

Inventory:

Hand Weapons
 a - a +0 short sword
 b - a +2 short sword of flaming
 f - a cursed +0 hand axe (weapon)
 g - a +0 blowgun
 m - a +3 dagger of venom
 p - a +0 antimagic hand axe
Missiles
 n - 15 poisoned needles
Armour
 h - a +0 pair of gloves (worn)
 i - a +0 ring mail (worn)
 l - a +0 helmet (worn)
Wands
 c - a wand of flame (15/48)
 d - a wand of enslavement (12/24)
 e - a wand of random effects (14/48)
Scrolls
 j - a scroll of enchant weapon
 k - 2 scrolls of teleportation
 o - a scroll of fog


   Skills:
 - Level 5.0 Fighting
 - Level 0.7 Short Blades
 - Level 3.0 Armour
 + Level 1.9 Dodging
 - Level 0.7 Stealth
 * Level 2.4 Evocations


You had 5 spell levels left.
You didn't know any spells.

Dungeon Overview and Level Annotations

Branches:
Dungeon (3/15)

Altars:


Innate Abilities, Weirdness & Mutations

You do not eat or drink.
Your flesh is vulnerable to fire.
You are immune to poison.
Your flesh is cold resistant. (rC+)
You are immune to negative energy. (rN+++)
You are immune to unholy pain and torment.
You can survive without breathing.


Message History

A bat comes into view.
The bat barely misses you. The bat hits you but does no damage.
You hit the bat.
The bat is severely wounded.
You hit something. The bat barely misses you. The bat closely misses you.
Something hits you but does no damage. x2
You closely miss the bat.
The bat is severely wounded.
You hit something. The bat hits you.
* * * LOW HITPOINT WARNING * * *
Something hits you!
* * * LOW HITPOINT WARNING * * *
The bat closely misses you. The bat barely misses you.
You hit the bat.
You kill the bat!
You closely miss something. Something hits you.
* * * LOW HITPOINT WARNING * * *
You see here a bat corpse.
Something hits you.
You die...

.#...'.#.'..###.##.#.#
.###[#####.........#.#
...>.......####.####.#####
######..#### #.#........#
####.#..# #.#.##†###.#
.....#..#######.#.##.# #.#
####.#..........#.##.# #.#
.....#.##########.#..# #.#
####.........†.{@.#### #.#
######################.#
#......................#
########################


There were no monsters in sight!

Vanquished Creatures
  Sigmund (D:2)
  An orc wizard (D:2)
  2 gnolls
  6 adders (D:2)
  3 worms
  3 dart slugs
  6 orcs
  8 bats
  A giant cockroach (D:1)
  17 goblins
  7 hobgoblins
  3 frilled lizards (D:1)
  4 kobolds
  17 rats
79 creatures vanquished.

Vanquished Creatures (collateral kills)
  Robin (D:2)
1 creature vanquished.

Grand Total: 80 creatures vanquished

Notes
Turn   | Place    | Note
-------+----------+-------------------------------------------
     0 | D:1      | RaHiT the Mummy Artificer began the quest for the Orb.
     0 | D:1      | Reached XP level 1. HP: 15/15 MP: 2/2
   151 | D:1      | Reached skill level 2 in Fighting
   279 | D:1      | Reached XP level 2. HP: 20/22 MP: 3/3
   939 | D:2      | Reached skill level 3 in Fighting
   939 | D:2      | Reached XP level 3. HP: 26/29 MP: 4/4
  1337 | D:2      | Noticed Robin
  1360 | D:2      | Killed Robin
  1877 | D:2      | Noticed Sigmund
  1907 | D:2      | Killed Sigmund
  1907 | D:2      | Reached skill level 4 in Fighting
  1907 | D:2      | Reached XP level 4. HP: 11/38 MP: 5/5
  1907 | D:2      | Reached XP level 5. HP: 13/43 MP: 6/6
  2650 | D:2      | Reached XP level 6. HP: 45/50 MP: 7/7
  2672 | D:2      | Reached skill level 5 in Fighting
  3601 | D:2      | HP: 2/51 [something (7)]
  3607 | D:2      | Slain by a gnoll

Skill      XL: |  1  2  3  4  5  6 |
---------------+-------------------+-----
Fighting       | 2 3 4 5 |  5.0
Armour         | 2 3 |  3.0
Short Blades   | |  0.7
Dodging        | |  1.9
Stealth        | |  0.7
Evocations     | |  2.4

Action                   |  1- 3 |  4- 6 || total
-------------------------+-------+-------++-------
Melee: Short sword       |    15 |       ||    15
       Hand axe          |   149 |   185 ||   334
Throw: Throwing net      |     1 |       ||     1
Evoke: Wand              |     3 |     1 ||     4
  Use: Scroll            |       |     3 ||     3
 Stab: Sleeping          |     1 |       ||     1
       Held in net/web   |     2 |       ||     2
Armor: Leather armour    |     4 |       ||     4
       Ring mail         |    62 |    78 ||   140
Dodge: Dodged            |    91 |   106 ||   197
